 Dungeon Crawl Stone Soup version 0.31-a0-133-gaae73658be (webtiles) character file.

Game seed: 7089106808523352462

256 esaul the Slasher (level 5, -3/42 HPs)
             Began as a Demonspawn Berserker on June 2, 2023.
             Was a Believer of Trog.
             Slain by an ice beast (10 damage)
             ... on level 5 of the Dungeon.
             The game lasted 00:33:01 (3846 turns).

esaul the Slasher (Demonspawn Berserker)            Turns: 3846, Time: 00:33:01

Health: -3/42      AC: 12    Str: 24    XL:     5   Next: 92%
Magic:  5/5        EV:  9    Int:  7    God:    Trog [**....]
Gold:   267        SH:  0    Dex: 11    Spells: 4/4 levels left

rFire   + . .        a - +0 falchion
rCold   . . .        (no shield)
rNeg    . . .        b - +2 chain mail {rF+}
rPois   +            (no helmet)
rElec   .            l - +0 cloak
rCorr   .            (no gloves)
SInv    .            (no boots)
Will    .....        p - amulet of the acrobat Stlth
                     c - ring of poison resistance
HPRegen 0.27/turn    (no ring)
MPRegen 0.09/turn

%: acrobat
@: no status effects
A: spiny 1, fangs 1, strong 1, wild magic 1
a: Renounce Religion, Berserk, Trog's Hand


You were on level 5 of the Dungeon.
You worshipped Trog.
Trog was pleased with you.
You visited 1 branch of the dungeon, and saw 5 of its levels.

You collected 267 gold pieces.

Inventory:

Hand Weapons
 a - a +0 falchion (weapon)
Armour
 b - a +2 chain mail of fire resistance (worn)
 l - a +0 cloak (worn)
Jewellery
 c - a ring of poison resistance (left hand)
 i - an amulet of faith
 p - an amulet of the acrobat (around neck)
 q - a +6 ring of intelligence
Scrolls
 f - 2 scrolls of blinking
 g - 2 scrolls of teleportation
 h - a scroll of fog
 j - a scroll of enchant weapon
 k - 3 scrolls of poison
 m - a scroll of amnesia
 n - a scroll of brand weapon
Potions
 d - 5 potions of curing
 e - 2 potions of resistance {unknown}
 o - a potion of mutation


   Skills:
 + Level 4.0 Fighting
 + Level 4.6 Long Blades
 + Level 3.0 Armour
 + Level 2.2 Dodging
 + Level 0.4 Stealth


You had 4 spell levels left.
You didn't know any spells.
Your spell library was empty.

Dungeon Overview and Level Annotations

Branches:
Dungeon (5/15)
 Temple: D:4-7

Altars:
Ashenzari
Cheibriados
Fedhas
Hepliaklqana
Nemelex Xobeh


Innate Abilities, Weirdness & Mutations

You are partially covered in sharp spines.
You have very sharp teeth.
Your muscles are strong. (Str +4, Int/Dex -1)
Your spells are a little harder to cast, but a little more powerful.


Message History

The ice beast is lightly wounded.
The ice beast hits you. The ice beast freezes you!
You hit the ice beast.
The ice beast is moderately wounded.
The ice beast is struck by your spines.
The ice beast hits you but does no damage.
You hit the ice beast.
The ice beast is moderately wounded.
The ice beast hits you. The ice beast freezes you!
You closely miss the ice beast.
The ice beast is moderately wounded.
The ice beast is struck by your spines. The ice beast hits you.
The ice beast freezes you!
* * * LOW HITPOINT WARNING * * *
You closely miss the ice beast.
The ice beast is heavily wounded.
The ice beast closely misses you.
You hit the ice beast but do no damage.
You bite the ice beast, but do no damage.
The ice beast is heavily wounded.
The ice beast hits you but does no damage.
You hit the ice beast.
The ice beast is severely wounded.
The ice beast hits you but does no damage.
You hit the ice beast but do no damage.
The ice beast is severely wounded.
The ice beast barely misses you.
You closely miss the ice beast.
You punch the ice beast, but do no damage.
The ice beast is severely wounded.
The ice beast hits you but does no damage.
You barely miss the ice beast.
The ice beast is severely wounded.
The ice beast is struck by your spines. The ice beast closely misses you.
You hit the ice beast.
The ice beast is severely wounded.
The ice beast hits you.
* * * LOW HITPOINT WARNING * * *
The ice beast freezes you!
You die...

#........ #.......
+...... .....
#..... ......
#....# ......
+....# .... #.Y..#
...#########.@..#
#............###
#............#
#..<.........#
#....(.......#
#............#
..^.............#
.................#
...........#######


You could see an ice beast.

Vanquished Creatures
  An ogre (D:4)
  A hound (D:3)
  4 adders
  3 gnolls (D:3)
  A worm (D:3)
  A dart slug (D:3)
  5 orcs
  2 bats
  3 endoplasms
  10 goblins
  7 hobgoblins
  10 jackals
  8 kobolds
  2 quokkas
  6 ball pythons
  6 frilled lizards
  4 rats
74 creatures vanquished.

Notes
Turn   | Place    | Note
-------+----------+-------------------------------------------
     0 | D:1      | esaul the Demonspawn Berserker began the quest for the Orb.
     0 | D:1      | Reached XP level 1. HP: 18/18 MP: 1/1
   368 | D:1      | Gained mutation: You are partially covered in sharp spines.
                  | [demonic ancestry]
   368 | D:1      | Reached XP level 2. HP: 22/24 MP: 2/2
   723 | D:1      | Reached XP level 3. HP: 29/29 MP: 3/3
  1058 | D:2      | Gained mutation: You are strong-willed. (Will+) [potion of
                  | mutation]
  1058 | D:2      | Gained mutation: You have sharp toenails. [potion of
                  | mutation]
  1106 | D:2      | Lost mutation: You are strong-willed. (Will+) [potion of
                  | mutation]
  1106 | D:2      | Lost mutation: You have sharp toenails. [potion of
                  | mutation]
  1106 | D:2      | Gained mutation: You are dopey. (Int -2) [potion of
                  | mutation]
  1143 | D:2      | Lost mutation: You are dopey. (Int -2) [potion of mutation]
  1143 | D:2      | Gained mutation: You have very sharp teeth. [potion of
                  | mutation]
  1143 | D:2      | Gained mutation: Your spells are a little harder to cast,
                  | but a little more powerful. [potion of mutation]
  1143 | D:2      | Gained mutation: Your muscles are strong. (Str +4, Int/Dex
                  | -1) [potion of mutation]
  1739 | D:3      | Reached ** piety under Trog
  1790 | D:3      | Reached XP level 4. HP: 36/36 MP: 4/4
  1927 | D:3      | Found a snail-covered altar of Cheibriados.
  2068 | D:3      | Reached XP level 5. HP: 8/42 MP: 5/5
  2254 | D:3      | Found a hazy altar of Hepliaklqana.
  2923 | D:4      | Found a broken altar of Ashenzari.
  3100 | D:4      | Found a blossoming altar of Fedhas.
  3293 | D:4      | Identified a scroll of acquirement
  3293 | D:4      | Acquired an amulet of the acrobat
  3338 | D:4      | Noticed an ogre
  3344 | D:4      | Killed an ogre
  3400 | D:4      | Found a sparkling altar of Nemelex Xobeh.
  3821 | D:5      | Entered Level 5 of the Dungeon
  3832 | D:5      | Noticed an ice beast
  3846 | D:5      | Slain by an ice beast

Illustrated notes

Levels and vault maps discovered:
D:1:      saegor_arrival_fortress, layout_basic
D:2:      layout_loops_ring, mrwooster_statue_mirror
D:3:      minmay_spotlight, layout_basic, kennysheep_slug_shrine,
          nzn_hepliaklqana_mist_gate, kennysheep_generic_room_7
D:4:      layout_layer_cave, old_standard_altar, nicolae_overflow_crystal_walls,
          cheibrodos_ashenzari_chains
D:5:      layout_gridville, nicolae_shop_i_like_small_books_too,
          kennysheep_generic_room_2

Skill      XL: |  1  2  3  4  5 |
---------------+----------------+-----
Long Blades    | 3 4 |  4.6
Dodging        | 2 |  2.2
Armour         | 2 3 |  3.0
Fighting       | 4 |  4.0
Stealth        | |  0.4

Action                     |  1- 3 |  4- 6 || total
---------------------------+-------+-------++-------
  Melee: Falchion          |    85 |    96 ||   181
         Punch             |     1 |     2 ||     3
         Bite              |     4 |     9 ||    13
         Kick              |     1 |       ||     1
    Use: Scroll            |    11 |     4 ||    15
         Potion            |     5 |     1 ||     6
 Armour: Animal skin       |     8 |       ||     8
         Chain mail        |    15 |    39 ||    54
  Dodge: Dodged            |    52 |    40 ||    92

Table legend: (Time is in decaauts)
 A = Elapsed time spent in this place.
 B = Non-inter-level travel time spent in this place.
 C = Inter-level travel time spent in this place.
 D = Time resting spent in this place.
 E = Time spent auto-exploring this place.
 F = Levels seen in this place.
 G = Mean time per level.
                   A        B        C        D        E       F      G
               +--------+--------+--------+--------+--------+-----+--------+
         Total |   3874 |   3874 |      0 |      0 |      0 |   5 |  774.8 |
       Dungeon |   3874 |   3874 |      0 |      0 |      0 |   5 |  774.8 |
               +--------+--------+--------+--------+--------+-----+--------+

Top non-repeatable levels by time:
     D:3: 1258 daAuts
     D:1: 954 daAuts
     D:4: 898 daAuts
     D:2: 737 daAuts
     D:5: 25 daAuts
